 Dungeon Crawl Stone Soup version 0.27.1-4-g1640c2035a (webtiles) character file.

Game seed: 2865331174693314650

392 deusastra the Covered (level 6, -2/40 HPs)
             Began as a Gargoyle Fighter on Nov 15, 2021.
             Was an Initiate of Gozag.
             Slain by a black bear (7 damage)
             ... on level 4 of the Dungeon.
             The game lasted 00:20:14 (4173 turns).

deusastra the Covered (Gargoyle Fighter)            Turns: 4173, Time: 00:20:14

Health: -2/40      AC: 18    Str: 21    XL:     6   Next: 80%
Magic:  6/6        EV:  7    Int:  9    God:    Gozag
Gold:   338        SH:  9    Dex:  9    Spells: 5/5 levels left

rFire    + . .     SeeInvis .   v - +0 mace (protect)
rCold    + . .     Faith    .   c - +0 kite shield
rNeg     + . .     Spirit   .   b - +0 scale mail
rPois    ∞         Reflect  .   (no helmet)
rElec    +         Harm     .   n - scarf {rC+ rF+}
rCorr    .         Rampage  .   (no gloves)
Will     .....                  (no boots)
Stlth    ..........             (no amulet)
HPRegen  0.13/turn              (no ring)
MPRegen  0.10/turn              (no ring)

@: under a protective aura
A: sickness immunity, AC +4, negative energy resistance 1, electricity
resistance, torment resistance 1, petrification resistance
a: Renounce Religion, Potion Petition, Call Merchant, Bribe Branch


You were on level 4 of the Dungeon.
You worshipped Gozag.
Gozag was aware of your devotion.
You visited 2 branches of the dungeon, and saw 6 of its levels.

You collected 383 gold pieces.
You paid 45 gold pieces to Gozag.

Inventory:

Hand Weapons
 a - a +0 flail
 m - a +0 great mace
 o - a +0 flail
 u - a +3 flail
 v - a +0 mace of protection (weapon)
Armour
 b - a +0 scale mail (worn)
 c - a +0 kite shield (worn)
 n - a scarf of resistance (worn)
Scrolls
 d - a scroll of acquirement {unknown}
 f - a scroll of identify {unknown}
 k - a scroll of blinking
 l - a scroll of holy word
 p - a scroll of brand weapon {unknown}
 q - a scroll of noise {unknown}
 r - a scroll of magic mapping {unknown}
 t - a scroll of amnesia {unknown}
 w - a scroll of teleportation {unknown}
Potions
 e - a potion of resistance {unknown}
 g - a potion of heal wounds {unknown}
 h - a potion of attraction {unknown}
 i - 2 potions of curing {unknown}
 j - a potion of berserk rage {unknown}
 s - 2 potions of haste {unknown}
 x - a potion of lignification {unknown}


   Skills:
 * Level 5.2 Fighting
 * Level 3.7 Maces & Flails
 * Level 5.3 Armour
 + Level 4.3 Shields


You had 5 spell levels left.
You didn't know any spells.
Your spell library was empty.

Dungeon Overview and Level Annotations

Branches:
Dungeon (5/15)             Temple (1/1) D:4

Altars:
Gozag
Makhleb
Xom


Innate Abilities, Weirdness & Mutations

You are immune to sickness and miasma.
Your stone body is resilient. (AC +4)
You are immune to poison.
You resist negative energy. (rN+)
You are resistant to electric shocks. (rElec)
You are resistant to unholy torment.
You are immune to petrification.


Message History

You block the black bear's attack. The black bear closely misses you.
The black bear claws you but does no damage.
The black bear bites you!
The black bear claws you but does no damage.
You block the black bear's attack.
You hit the black bear but do no damage.
The black bear is severely wounded.
The black bear bites you but does no damage.
The black bear claws you but does no damage.
The black bear claws you. The black bear bites you!
* * * LOW HITPOINT WARNING * * *
The black bear closely misses you. You block the black bear's attack.
The black bear bites you but does no damage.
The black bear claws you but does no damage. x2
You hit the black bear.
The black bear is severely wounded.
You block the black bear's attack.
The black bear claws you but does no damage.
The black bear barely misses you. The black bear bites you!
* * * LOW HITPOINT WARNING * * *
The black bear claws you but does no damage.
The black bear barely misses you.
You closely miss the black bear.
The black bear is severely wounded.
The black bear bites you but does no damage.
The black bear claws you but does no damage. x2
The black bear closely misses you. The black bear barely misses you.
You block the black bear's attack.
You hit the black bear.
The black bear is almost dead.
The black bear bites you but does no damage.
You block the black bear's attack. The black bear closely misses you.
You block the black bear's attack.
The black bear claws you but does no damage.
You block the black bear's attack.
You hit the black bear but do no damage.
The black bear is almost dead.
The black bear bites you!
You die...
Your body crumbles into a pile of gold.

###### ####......#.'.
#....# #..'......###.
#....# #.##......# ##
#....# #.##......####
#....# #.##..........
#....# #.########.###
#....# #(# #.##.
#....###.########.##.
#...@................
#..h.....########.##.
####..........# #.##.
#.##.......###.##.
#..........'......
#.##.......###....
#..........'......
####.......###....
#.......# #....


You could see a black bear (berserk).

Vanquished Creatures
  A howler monkey (D:4)
  A bullfrog skeleton (D:4)
  3 hounds (D:4)
  2 iguanas
  Terence (D:1)
  5 gnolls
  A howler monkey skeleton (D:4)
  3 adders
  2 ufetubi (D:4)
  A worm (D:2)
  6 orcs
  A ball python (D:2)
  3 endoplasms
  3 giant cockroaches
  4 goblins
  6 hobgoblins
  2 jackals (D:3)
  4 kobolds
  2 quokkas
  4 bats
  5 frilled lizards
  8 rats
68 creatures vanquished.

Notes
Turn   | Place    | Note
-------+----------+-------------------------------------------
     0 | D:1      | deusastra the Gargoyle Fighter began the quest for the Orb.
     0 | D:1      | Reached XP level 1. HP: 14/14 MP: 1/1
   576 | D:1      | Reached XP level 2. HP: 2/19 MP: 2/2
  1121 | D:2      | Reached XP level 3. HP: 24/24 MP: 3/3
  1382 | D:2      | Noticed Terence
  1406 | D:1      | Killed Terence
  1407 | D:1      | Reached XP level 4. HP: 15/29 MP: 4/4
  2469 | D:3      | Found a shimmering altar of Xom.
  2480 | D:3      | Reached XP level 5. HP: 28/34 MP: 5/5
  2872 | D:3      | Found an opulent altar of Gozag.
  2876 | D:3      | Became a worshipper of Gozag Ym Sagoz the Greedy
  3205 | D:4      | Found a staircase to the Ecumenical Temple.
  3382 | D:4      | Reached XP level 6. HP: 40/40 MP: 6/6
  3425 | Temple   | Entered the Ecumenical Temple
  3432 | Temple   | Reached skill level 5 in Armour
  3542 | D:4      | Reached skill level 5 in Fighting
  4054 | D:5      | Entered Level 5 of the Dungeon
  4061 | D:5      | Noticed a black bear
  4173 | D:4      | Slain by a black bear

Illustrated notes

Levels and vault maps discovered:
D:1:      eino_arrival_water_cross, layout_loops_ring
D:2:      layout_basic, grunt_ministairs_10, st_stairs_12,
          minmay_fractal_squares_5, uniq_terence
D:3:      layout_rooms, xom_teletrap_fun, mainiacjoe_overflow_six_doors_small
D:4:      layout_basic, temple_statues
D:5:      layout_loops_ring, nicolae_ru_great_annihilating_truth,
          grunt_temple_overflow_open, uniq_eustachio, uniq_ijyb
Temple:   eino_wide_crystal_templ

Skill      XL: |  1  2  3  4  5  6 |
---------------+-------------------+-----
Armour         | 4 5 |  5.3
Fighting       | 4 5 |  5.2
Maces & Flails | 3 |  3.7
Shields        | 4 |  4.3

Action                   |  1- 3 |  4- 6 || total
-------------------------+-------+-------++-------
Melee: Flail             |    85 |   139 ||   224
       Mace              |       |    56 ||    56
  Use: Potion            |     1 |       ||     1
       Scroll            |       |     2 ||     2
Armor: Scale mail        |    38 |   162 ||   200
Dodge: Dodged            |    31 |    72 ||   103
Block: Kite shield       |    48 |   142 ||   190
